 Seeded DCSS version 0.30.1-9-gdf580d7c3d (webtiles) character file.

Game seed: 920673320228942481 (custom seed)

4 Psyclone the Magician (level 1, 15/15 HPs)
             Began as a Djinni Earth Elementalist on Oct 15, 2023.
             Quit the game on level 1 of the Dungeon.
             The game lasted 00:00:59 (337 turns).

Psyclone the Magician (Djinni Earth Elementalist)    Turns: 337, Time: 00:00:59

Health: 15/15      AC:  2    Str:  6    XL:     1   Next: 66%
Gold:   23         EV: 12    Int: 20    God:
                   SH:  0    Dex: 12

rFire   + + .        (no weapon)
rCold   x . .        (no shield)
rNeg    . . .        a - +0 robe
rPois   ∞            (no helmet)
rElec   .            (no cloak)
rCorr   .            (no gloves)
SInv    +            (boots unavailable)
Will    .....        (no amulet)
Stlth   ++           (no ring)
HPRegen 0.22/turn    (no ring)
MPRegen 0.00/turn

%: no passive effects
@: flying, studying Spellcasting
A: sickness immunity, fire resistance 2, cold vulnerability 1, float, innate
caster, HP casting, extra vitality 1, see invisible, clever 1, evolution 1
a: no special abilities


You were on level 1 of the Dungeon.
You visited 1 branch of the dungeon, and saw 1 of its levels.

You collected 23 gold pieces.

Inventory:

Armour
 a - a +0 robe (worn)
Jewellery
 b - a ring of wizardry
Potions
 c - a potion of resistance {unknown}


   Skills:
 - Level 2.1 Dodging
 - Level 1.5 Stealth
 + Level 2.6 Spellcasting


You knew the following spells:

 Your Spells              Type           Power      Damage    Failure   Level
a - Sandblast             Erth           26%        2d8       4%          1
b - Passwall              Tmut/Erth      10%        N/A       8%          2
c - Stone Arrow           Conj/Erth      26%        3d8       16%         3
d - Petrify               Tmut/Erth      13%        N/A       45%         4
Your spell library was empty.

Dungeon Overview and Level Annotations

Branches:
Dungeon (1/15) Zot: 5661

Altars:


Innate Abilities, Weirdness & Mutations

You are immune to sickness and miasma.
You are immune to poison.
Your flesh is very heat resistant. (rF++)
You are vulnerable to cold. (rC-)
You float through the air rather than walking.
You learn spells naturally, not from books.
Your magical power is your life essence.
You have superior vitality. (+4 MHP)
You have supernaturally acute eyesight. (SInv)
Your mind is acute. (Int +4, Str/Dex -1)
You have hidden genetic potential.


Message History

You reach down and open the door.
Found 8 gold pieces.
There is an open door here.
You now have 23 gold pieces (gained 8).
There is an open door here.
There is an open door here.
You reach down and open the door.
There is an open door here.
You reach down and open the door.
There is an open door here.
As you open the door, it creaks loudly!
Found a smoky grey potion and an encrusted emerald ring.
There is an open door here.
b - a ring of wizardry
c - a smoky grey potion
There is an open door here.
There is an open door here.
A ball python comes into view.
Casting: Sandblast (safe; 4% risk of failure)
Confirm with . or Enter, or press ? or * to list all spells.
Aiming: Sandblast (safe; 4% risk of failure)
Press: ? - help, Shift-Dir - straight line, f - ball python
Aim: a ball python (asleep, 100% to hit)
The blast of sand hits the ball python!
You kill the ball python!
Found a stone staircase leading down.
Found 3 scrolls labelled NOEDYA EDEF.
Found a hand axe.
d - 3 scrolls labelled NOEDYA EDEF This is a scroll of acquirement!
You see here a manual of Spellcasting.
Something appears before you!
You pick up a manual of Spellcasting and begin studying.
You see here a manual of Spellcasting.
Something appears before you!
You pick up another manual of Spellcasting and continue studying.
You see here a manual of Spellcasting.
Something appears before you!
You pick up another manual of Spellcasting and continue studying.
Unknown command.
Unknown command.
Unknown command.
Are you sure you want to abandon this character and quit the game? (Confirm with "yes".)

##### .. #... ..#. #...
.... #.. #... ...
...###.# ...#.# ##+#
#.#@#####. #######
#....#.........) ......#
#.....#.######.#
...##.#.#...#....##
....#.#.##+#####..##
......#. #.######..#
....###.##........>#
###.###.................
#.#.....##############


There were no monsters in sight!

Vanquished Creatures
  A dart slug (D:1)
  A ball python (D:1)
  A rat (D:1)
3 creatures vanquished.

Notes
Turn   | Place    | Note
-------+----------+-------------------------------------------
     0 | D:1      | Psyclone the Djinni Earth Elementalist began the quest for
                  | the Orb.
     0 | D:1      | Psyclone set off with the following spells memorised:
                  | Sandblast, Passwall, Stone Arrow, Petrify.
     0 | D:1      | Reached XP level 1. HP: 15/15 MP: 0/0
    86 | D:1      | Gained mutation: You have hidden genetic potential. [potion
                  | of mutation]
    86 | D:1      | Gained mutation: You have supernaturally acute eyesight.
                  | (SInv) [potion of mutation]
    86 | D:1      | Gained mutation: Your mind is acute. (Int +4, Str/Dex -1)
                  | [potion of mutation]
   296 | D:1      | Identified 3 scrolls of acquirement
   296 | D:1      | Acquired a manual of Spellcasting
   324 | D:1      | Acquired a manual of Spellcasting
   335 | D:1      | Acquired a manual of Spellcasting
   337 | D:1      | Quit the game

Illustrated notes

Levels and vault maps discovered:
D:1:      dpeg_arrival_orchard, layout_basic

Action                     || total
---------------------------++-------
   Cast: Sandblast         ||     4
    Use: Scroll            ||     3
         Potion            ||     1
  Dodge: Dodged            ||     1
